 Dungeon Crawl Stone Soup version 0.31-a0-204-g7da18cac08 (webtiles) character file.

Game seed: 12986924716014172404

397 qw the Skirmisher (level 6, -1/35 HPs)
             Began as a Deep Elf Hunter on June 27, 2023.
             Succumbed to a water moccasin's poison
             ... on level 4 of the Dungeon.
             The game lasted 00:01:10 (2941 turns).

qw the Skirmisher (Deep Elf Hunter)                 Turns: 2941, Time: 00:01:11

Health: -1/35      AC:  7    Str: 10    XL:     6   Next: 53%
Magic:  2/8        EV: 11    Int: 14    God:
Gold:   227        SH:  0    Dex: 18    Spells: 5/5 levels left

rFire   . . .        h - +2 shortbow (heavy)
rCold   + . .        (shield currently unavailable)
rNeg    . . .        j - +0 ring mail {rC+}
rPois   .            k - +1 helmet
rElec   .            (no cloak)
rCorr   .            (no gloves)
SInv    .            (no boots)
Will    .....        b - amulet of guardian spirit
Stlth   +            (no ring)
HPRegen 0.25/turn    (no ring)
MPRegen 0.11/turn

%: guardian spirit
@: lethally poisoned (-1 -> -7), hasted, very quick
A: no striking features
a: no special abilities


You were on level 4 of the Dungeon.
You visited 1 branch of the dungeon, and saw 5 of its levels.

You collected 227 gold pieces.


   Skills:
 - Level 2.0 Fighting
 - Level 10.2 Ranged Weapons
 + Level 2.4 Dodging
 - Level 1.2 Stealth


You had 5 spell levels left.
You didn't know any spells.
Your spell library was empty.

Inventory:

Hand Weapons
 h - a +2 heavy shortbow (weapon)
Armour
 j - a +0 ring mail of cold resistance (worn)
 k - a +1 helmet (worn)
Jewellery
 b - an amulet of guardian spirit (around neck)
 m - an amulet of the acrobat
Potions
 d - a potion of heal wounds {unknown}
 f - a potion of enlightenment {unknown}
 g - a potion of degeneration {unknown}
 i - a potion of might {unknown}
 n - a potion of haste

Dungeon Overview and Level Annotations

Branches:
Dungeon (5/15)
 Temple: D:4-7

Altars:

Shops:
D:1 !   D:3 =

Annotations:
D:4 2 transporters, Grinder; qw's ghost, amateur DEHu


Message History

You writhe in agony.
You climb upwards.
Level annotation: 2 transporters, qw's ghost, amateur DEHu You feel sick.
There is a stone staircase leading down here.
Enter note:
Enter note:
Enter note:
Enter note:
Enter note:
Enter note:
Enter note:
Enter note:
Enter note: You shoot an arrow.
The arrow hits the water moccasin!
The water moccasin is heavily wounded.
You feel sick.
The water moccasin bites you but does no damage.
You shoot an arrow. The arrow hits the water moccasin.
The water moccasin is heavily wounded.
You feel sick. The water moccasin closely misses you.
Grinder blinks!
2937 ||| READING scroll of teleportation.
As you read the scroll of teleportation, it crumbles to dust.
You feel strangely unstable.
You feel sick. The water moccasin barely misses you.
You shoot an arrow. The arrow hits the water moccasin!
The water moccasin is almost dead.
You feel sick. The water moccasin bites you.
You are lethally poisoned!
The water moccasin poisons you!
You shoot an arrow. The arrow hits the water moccasin!
You kill the water moccasin!
You feel sick.
Your Ranged Weapons skill increases to level 10!
You shoot an arrow. The arrow hits Grinder!
Grinder is moderately wounded.
You feel sick.
Grinder blinks!
You shoot an arrow. The arrow closely misses Grinder.
Your surroundings suddenly seem different.
You die...

#######..##%.# ####..# #####.###
#......####''####.:...# #.#
#.######........####..#######'###
.....##......5...###.............
#.####............##.####...###..
#.###¤¤¤...........### ##.......
#.##¤¤¤¤........)...#####.#.####.
#.#¤¤¤¤¤.............#...###.....
#.#¤¤¤¤¤........@%...####.#.####.
#.#.¤.¤¤¤.~..~.......# ##.##....
#.#¤..¤.¤..~~........# #.##.###
#.#....¤¤..~~........# #.##.###
#.#.......~..~.......# #.##....
#.#..................# #.######
#.#..................# #.#
..##................## #.#
...##..............## #.#


You could see Grinder.

Vanquished Creatures
  A water moccasin (D:4)
  A black bear (D:4)
  A hound (D:4)
  An iguana (D:4)
  An orc wizard (D:3)
  5 adders
  A worm (D:2)
  4 dart slugs
  6 orcs
  8 bats
  3 endoplasms
  4 giant cockroaches
  5 goblins
  10 hobgoblins
  6 kobolds
  A quokka (D:1)
  6 ball pythons
  5 frilled lizards
  5 rats
74 creatures vanquished.

Notes
Turn   | Place    | Note
-------+----------+-------------------------------------------
     0 | D:1      | qw the Deep Elf Hunter began the quest for the Orb.
     0 | D:1      | Reached XP level 1. HP: 12/12 MP: 3/3
     0 | D:1      | 0 ||| qw: Version: 0.3-a-22-g0ed2b0b
     0 | D:1      | 0 ||| qw: Game counter: 6545
     0 | D:1      | 0 ||| qw: Melee chars always use a shield: true
     0 | D:1      | 0 ||| qw: God list: Okawaru
     0 | D:1      | 0 ||| qw: Allow faded altars: false
     0 | D:1      | 0 ||| qw: Do Orc after clearing Dungeon:15 true
     0 | D:1      | 0 ||| qw: Do second Lair branch before Depths: true
     0 | D:1      | 0 ||| qw: Lair rune preference: random
     0 | D:1      | 0 ||| qw: Goals: Normal
     0 | D:1      | 0 ||| PLANNING D:1-11
    26 | D:1      | HP: 3/12 [dart slug/slug dart (6)]
    94 | D:1      | Reached XP level 2. HP: 16/16 MP: 4/4
   105 | D:1      | Reached skill level 6 in Ranged Weapons
   470 | D:1      | 470 ||| Stepping ~*~*~tactically~*~*~ (outnumbered).
   572 | D:1      | Reached XP level 3. HP: 20/20 MP: 5/5
   907 | D:1      | Found Ratibiv's Distillery.
   915 | D:1      | 915 ||| SHOPLISTING 2 potions of enlightenment (130 gold,
                  | have 33).
   915 | D:1      | 915 ||| SHOPLISTING 2 potions of haste (260 gold, have 33).
   915 | D:1      | 915 ||| SHOPLISTING potion of cancellation (104 gold, have
                  | 33).
   915 | D:1      | 915 ||| SHOPLISTING potion of curing (39 gold, have 33).
   915 | D:1      | 915 ||| SHOPLISTING potion of might (52 gold, have 33).
   927 | D:1      | 927 ||| UPGRADING to +0 ring mail.
   937 | D:1      | 937 ||| DROPPING +0 leather armour.
   938 | D:1      | 938 ||| UPGRADING to +0 helmet.
   943 | D:1      | 943 ||| READING 2 scrolls labelled UTUOTI XAMIHA.
   944 | D:1      | 944 ||| READING scroll labelled BEDWIM UNUSH.
   945 | D:1      | 945 ||| DROPPING scroll of amnesia.
   946 | D:1      | 946 ||| DROPPING scroll of butterflies.
   985 | D:2      | Reached skill level 7 in Ranged Weapons
  1197 | D:2      | Reached XP level 4. HP: 25/25 MP: 6/6
  1424 | D:2      | 1424 ||| UPGRADING to +0 ring mail of cold resistance.
  1434 | D:2      | 1434 ||| DROPPING +0 ring mail.
  1435 | D:2      | 1435 ||| UPGRADING to amulet of guardian spirit.
  1440 | D:2      | 1440 ||| READING 2 scrolls labelled IMNUUCHESM.
  1441 | D:2      | 1441 ||| READING scroll of enchant weapon.
  1441 | D:2      | 1441 ||| ENCHANTING +1 shortbow.
  1442 | D:2      | 1442 ||| READING 2 scrolls labelled IPHYIC OJETH.
  1772 | D:3      | Reached skill level 8 in Ranged Weapons
  1843 | D:3      | Found Riba's Jewellery Shop.
  1853 | D:3      | 1853 ||| SHOPLISTING amulet of reflection (360 gold, have
                  | 158).
  1853 | D:3      | 1853 ||| SHOPLISTING ring of poison resistance (240 gold,
                  | have 158).
  1853 | D:3      | 1853 ||| SHOPLISTING ring of positive energy (240 gold,
                  | have 158).
  1853 | D:3      | 1853 ||| SHOPLISTING ring of protection from fire (300
                  | gold, have 158).
  1853 | D:3      | 1853 ||| SHOPLISTING ring of willpower (300 gold, have
                  | 158).
  2184 | D:3      | 2184 ||| DRINKING 2 murky amethyst potions.
  2185 | D:3      | 2185 ||| DRINKING 2 smoky amethyst potions.
  2186 | D:3      | 2186 ||| DROPPING potion of attraction.
  2187 | D:3      | 2187 ||| DROPPING potion of brilliance.
  2294 | D:4      | Reached XP level 5. HP: 21/29 MP: 4/7
  2364 | D:4      | Noticed a black bear
  2369 | D:4      | Killed a black bear
  2370 | D:4      | Reached skill level 9 in Ranged Weapons
  2450 | D:4      | Reached XP level 6. HP: 31/35 MP: 6/8
  2786 | D:4      | Found a transporter.
  2787 | D:4      | Noticed qw's ghost (amateur DEHu)
  2788 | D:4      | Found a transporter.
  2905 | D:4      | 2905 ||| READING 2 scrolls labelled AXAONA VYENKAM.
  2906 | D:4      | 2906 ||| READING scroll of brand weapon.
  2906 | D:4      | 2906 ||| BRANDING +2 shortbow of draining.
  2907 | D:4      | 2907 ||| READING scroll labelled TADAULU TUATTE.
  2908 | D:4      | 2908 ||| READING 2 scrolls labelled NUSYMU DI IME.
  2909 | D:4      | 2909 ||| READING scroll of enchant armour.
  2909 | D:4      | 2909 ||| ENCHANTING +0 helmet.
  2910 | D:4      | 2910 ||| READING scroll labelled JOUXA ROLL.
  2911 | D:4      | 2911 ||| DRINKING 2 purple potions.
  2912 | D:4      | 2912 ||| DRINKING 2 orange potions.
  2913 | D:4      | 2913 ||| DRINKING potion of curing.
  2913 | D:4      | 2913 ||| (to cure confusion)
  2914 | D:4      | 2914 ||| DRINKING 2 emerald potions.
  2915 | D:4      | 2915 ||| DROPPING potion of ambrosia.
  2925 | D:5      | Entered Level 5 of the Dungeon
  2925 | D:5      | Noticed a water moccasin
  2926 | D:5      | Noticed Grinder
  2933 | D:5      | 2933 ||| STAIRDANCE
  2936 | D:4      | HP: 8/35 [poisoned by a water moccasin]
  2937 | D:4      | 2937 ||| READING scroll of teleportation.
  2939 | D:4      | Killed a water moccasin
  2939 | D:4      | HP: 3/35 [poisoned by a water moccasin]
  2940 | D:4      | Reached skill level 10 in Ranged Weapons
  2940 | D:4      | HP: 1/35 [poisoned by a water moccasin]
  2941 | D:4      | Succumbed to a water moccasin's poison

Levels and vault maps discovered:
D:1:      minmay_arrival_plants_in_alcoves, layout_basic, serial_shops, shop,
          minivault_14
D:2:      layout_basic, serial_bayou_lagoon_a, chequers_serial_rivers_room_b
D:3:      layout_loops_cross, serial_shops, nicolae_shop_crystal,
          serial_park_tiny_1, minivault_5, minmay_between
D:4:      kennysheep_big_flooded_room, layout_loops_ring, gammafunk_ghost_smash,
          minmay_door_square, dreamdust_princess_corridor
D:5:      layout_rooms, zin_treasury, uniq_menkaure, uniq_edmund, uniq_ijyb,
          uniq_grinder

Skill      XL: |  1  2  3  4  5  6 |
---------------+-------------------+-----
Ranged Weapons | 6 7 8 9 10 | 10.2
Fighting       | 2 |  2.0
Dodging        | |  2.4
Stealth        | |  1.2

Action                     |  1- 3 |  4- 6 || total
---------------------------+-------+-------++-------
   Fire: Shortbow          |   116 |   111 ||   227
    Use: Scroll            |     2 |    10 ||    12
         Potion            |       |     6 ||     6
 Armour: Leather armour    |     6 |       ||     6
         Ring mail         |     5 |    18 ||    23
  Dodge: Dodged            |    18 |    32 ||    50

Table legend:
 A = Non-vault XP
 B = Vault XP
 C = Vault XP percentage of total XP
 D = Non-vault monster count
 E = Vault monster count
 F = Vault count percentage of total count
                 A         B        C        D         E       F
            +---------+---------+-------+---------+---------+-------
      Total |     538 |      30 |   5.3 |      67 |       7 |   9.5
            +---------+---------+-------+---------+---------+-------
        D:1 |      50 |       0 |   0.0 |      31 |       0 |   0.0
        D:2 |      56 |       0 |   0.0 |      19 |       0 |   0.0
        D:3 |      56 |      22 |  28.2 |       5 |       5 |  50.0
        D:4 |     376 |       8 |   2.1 |      12 |       2 |  14.3
            +---------+---------+-------+---------+---------+-------
